 Dungeon Crawl Stone Soup version 0.29.1-12-g30fa7ad0bf (webtiles) character file.

Game seed: 17521082984410356123

23716 KittyFluff the Basher (level 13, -10/79 HPs)
             Began as a Gargoyle Berserker on Dec 27, 2022.
             Was a High Priest of Trog.
             Mangled by a death yak (19 damage)
             ... on level 1 of the Lair of Beasts.
             The game lasted 01:27:36 (17927 turns).

KittyFluff the Basher (Gargoyle Berserker)         Turns: 17927, Time: 01:27:37

Health: -10/79     AC: 32    Str: 28    XL:     13   Next: 8%
Magic:  13/13      EV: 13    Int:  6    God:    Trog [*****.]
Gold:   563        SH: 17    Dex: 17    Spells: 12/12 levels left

rFire   + . .      SeeInvis +   a - +5 flail
rCold   + . .      Faith    .   I - +0 kite shield
rNeg    + . .      Spirit   .   f - +9 scale mail of Panentheism {-Cast Str+6 SInv Stlth+}
rPois   ∞          Reflect  +   d - +2 helmet
rElec   +          Harm     .   N - +0 cloak
rCorr   .          Rampage  .   (no gloves)
Will    .....      NoCast   +   (no boots)
Stlth   +++.......              P - amulet of reflection
HPRegen 0.23/turn               O - +6 ring of dexterity
MPRegen 0.13/turn               F - ring of Zeompif {rElec rF+ rC+ Int-4}

@: on berserk cooldown, slowed, very slow
A: sickness immunity, AC +9, negative energy resistance 1, electricity
resistance, torment resistance 1, petrification resistance
a: Renounce Religion, Berserk, Trog's Hand, Brothers in Arms


You were on level 1 of the Lair of Beasts.
You worshipped Trog.
Trog was extremely pleased with you.
You visited 2 branches of the dungeon, and saw 13 of its levels.
You also visited: Gauntlet.

You collected 838 gold pieces.
You spent 275 gold pieces at shops.

Inventory:

Hand Weapons
 a - a +5 flail (weapon)
 o - a +0 sling
 T - a +2 scimitar of flaming
Missiles
 h - 70 stones (quivered)
 s - a boomerang of dispersal
 v - 8 boomerangs
 y - 18 poisoned darts
 J - 9 curare-tipped darts
 K - a throwing net
 U - 11 silver javelins
Armour
 d - a +2 helmet (worn)
 f - the +9 scale mail of Panentheism (worn) {-Cast Str+6 SInv Stlth+}
   (You found it in a Gauntlet)

   Str:       It affects your strength (+6).
   SInv:      It lets you see invisible.
   -Cast:     It prevents spellcasting.
   Stlth:     It makes you more stealthy.
 z - a +1 chain mail of fire resistance
 G - the +0 pair of gloves of the Hidden Vale {Harm +Inv}
   (You bought it in a shop on level 7 of the Dungeon)

   +Inv:      It lets you turn invisible.
   Harm:      It increases damage dealt and taken.
 I - a +0 kite shield (worn)
 N - a +0 cloak (worn)
 Q - an orb of mayhem
 R - a +0 troll leather armour
 W - a +2 robe of positive energy
Jewellery
 b - a ring of protection from cold
 F - the ring of Zeompif (right hand) {rElec rF+ rC+ Int-4}
   (You found it in a Gauntlet)

   [ring of protection from fire]

   Int:       It affects your intelligence (-4).
   rF:        It protects you from fire.
   rC:        It protects you from cold.
   rElec:     It insulates you from electricity.
 L - a ring of see invisible
 O - a +6 ring of dexterity (left hand)
 P - an amulet of reflection (around neck)
Wands
 l - a wand of charming (26)
 t - a wand of flame (22)
 X - a wand of polymorph (7)
Scrolls
 c - 4 scrolls of immolation
 j - 5 scrolls of vulnerability {unknown}
 k - 2 scrolls of fog {unknown}
 m - 5 scrolls of blinking {unknown}
 n - 10 scrolls of teleportation
 p - a scroll of fear {unknown}
 q - a scroll of enchant armour {unknown}
 u - a scroll of brand weapon {unknown}
 w - 3 scrolls of torment {unknown}
 A - a scroll of acquirement {unknown}
 B - a scroll of noise {unknown}
 C - 3 scrolls of magic mapping {unknown}
 D - a scroll of summoning {unknown}
 V - 3 scrolls of enchant weapon {unknown}
Potions
 e - 6 potions of mutation
 g - 8 potions of curing
 i - 5 potions of ambrosia
 r - 5 potions of flight
 x - 4 potions of might
 E - a potion of magic
 H - 4 potions of haste
 S - 3 potions of heal wounds {unknown}
 Y - a potion of attraction
Miscellaneous
 M - a phantom mirror


   Skills:
 + Level 8.4 Fighting
 + Level 1.1 Long Blades
 + Level 12.1 Maces & Flails
 + Level 1.1 Ranged Weapons
 + Level 1.8 Throwing
 * Level 10.6 Armour
 + Level 7.0 Dodging
 + Level 4.8 Stealth
 * Level 11.1 Shields
 + Level 1.0 Unarmed Combat
 + Level 1.0 Evocations


You had 12 spell levels left.
You didn't know any spells.
Your spell library was empty.

Dungeon Overview and Level Annotations

Branches:
Dungeon (11/15)            Temple (0/1) D:4            Lair (2/5) D:11
  Snake (0/4) Lair:2          Orc (0/2) D:11        Gauntlet (visited)
  Swamp: Lair:2-3    Shoals: Lair:2-3

Altars:
Ashenzari
Dithmenos
Fedhas
Kikubaaqudgha
Ru
Vehumet
Xom
Zin

Shops:
D:7 [

Annotations:
D:10 3 runed translucent doors, sigtrap's ghost, journeyman GnBe
Lair:2 2 transporters, hawla's ghost, novice MeIE


Innate Abilities, Weirdness & Mutations

You are immune to sickness and miasma.
Your stone body is resilient. (AC +9)
You are immune to poison.
You resist negative energy. (rN+)
You are resistant to electric shocks. (rElec)
You are resistant to unholy torment.
You are immune to petrification.


Message History

The death yak closely misses you.
You thump the death yak!
The death yak is lightly wounded.
You barely miss the death yak.
The death yak is lightly wounded.
You block the death yak's attack. The death yak gores you!
The death yak closely misses you.
You sock the death yak!
The death yak is moderately wounded.
You completely miss the death yak.
The death yak is moderately wounded.
The death yak gores you! The death yak barely misses you.
The death yak gores you.
You sock the death yak!
The death yak is moderately wounded.
The death yak gores you! You block the death yak's attack.
The death yak closely misses you.
You bludgeon the death yak!!
The death yak is heavily wounded.
You thump the death yak!
The death yak is severely wounded.
You block the death yak's attack. The death yak barely misses you.
The death yak gores you!!
* * * LOW HITPOINT WARNING * * *
You are too berserk!
You are too berserk!
You enter the shallow water.
Moving in this stuff is going to be slow.
You feel a strong urge to attack something.
You are no longer berserk.
You are exhausted.
You feel yourself slow down. The death yak gores you.
* * * LOW HITPOINT WARNING * * *
The death yak gores you.
* * * LOW HITPOINT WARNING * * *
You block the death yak's attack. x2
The death yak attacks as you move away! The death yak closely misses you.
The death yak attacks as you move away! The death yak gores you!!
You die...

#P######...............# #P..#
#............#.##.###### ##..####
#.#P####.#####..#.## #......
#.### #.# #.#...#### #..##.# #.#
#.# #........### #..####
#.######.# ###........# #......
.........## #.#.......###.####P
#.#####.#.# ###.~~~........# ##
#.######### #..@≈≈≈≈...##..#####
#.##.####.####.YYY≈≈≈~..##.#.#.##
.............#..~~~≈≈≈~.#..##....
...########P......÷~≈≈~.##.#.#P.#
...♣♣### ##.#.)>.~≈≈≈~.###.#####
.......#####.....~≈≈≈≈~...#.#.###
......♣♣..##.#..~~≈≈≈≈~..........
P.P......###..##..≈~~~.#.#####...
..........##.###.#≈~..## # #.P.


You could see 3 death yaks.

Vanquished Creatures
  A minotaur (Gauntlet)
  2 hydras (Lair:1)
  Erica (Lair:1)
  A two-headed ogre (D:8)
  2 death yaks (Lair:1)
  Urug (Lair:1)
  Sonja (Lair:1)
  Nergalle (Lair:1)
  The ghost of xzight the Grappler, a novice TrBe of Trog (D:7)
  Pikel (D:8)
  A manticore (D:11)
  A shining eye (Gauntlet)
  A cyclops (D:10)
  2 black mambas
  An apocalypse crab (Gauntlet)
  2 cane toads
  A gargoyle (D:9)
  Maggie (D:9)
  2 rime drakes (Lair:2)
  3 komodo dragons
  Psyche (D:8)
  2 polar bears (Lair:1)
  4 trolls
  Grinder (D:6)
  4 flying skulls (Gauntlet)
  A spriggan (Lair:1)
  26 yaks
  2 wyverns
  A golden eye (Gauntlet)
  A steam dragon (D:7)
  3 vampire mosquitoes
  A naga (Lair:2)
  2 acid dragons
  3 water moccasins
  4 orc warriors
  A black bear (D:5)
  An ice beast (D:6)
  2 ogres (D:9)
  6 wolves (Lair:1)
  A centaur (D:9)
  A lemure (D:8)
  A kobold brigand (D:6)
  11 bullfrogs
  2 scorpions
  12 wights
  12 killer bees
  3 howler monkeys (D:10)
  An electric eel (Lair:1)
  5 quasits (D:7)
  3 jellies
  5 hounds
  7 orc priests
  3 iguanas
  5 orc wizards
  5 adders
  2 white imps
  A worm (D:4)
  3 dart slugs
  58 orcs
  6 bats
  3 endoplasms
  2 giant cockroaches (D:4)
  A goblin (D:3)
  2 hobgoblins
  6 jackals
  14 kobolds
  4 quokkas
  8 ball pythons
  A frilled lizard (D:3)
  4 rats
285 creatures vanquished.

Vanquished Creatures (others)
  An orc wizard (D:11)
  8 fungi
  4 plants
  16 withered plants (Gauntlet)
29 creatures vanquished.

Grand Total: 314 creatures vanquished

Notes
Turn   | Place    | Note
-------+----------+-------------------------------------------
     0 | D:1      | KittyFluff the Gargoyle Berserker began the quest for the
                  | Orb.
     0 | D:1      | Reached XP level 1. HP: 14/14 MP: 1/1
    67 | D:1      | Found a faded altar of an unknown god.
   465 | D:1      | Reached XP level 2. HP: 19/19 MP: 2/2
  1248 | D:1      | Reached XP level 3. HP: 22/24 MP: 3/3
  1701 | D:2      | Reached skill level 1 in Stealth
  2445 | D:3      | Noticed a bullfrog
  2453 | D:3      | Killed a bullfrog
  2454 | D:3      | Reached XP level 4. HP: 13/29 MP: 4/4
  2454 | D:3      | Reached XP level 5. HP: 14/33 MP: 5/5
  2857 | D:3      | Reached skill level 4 in Maces & Flails
  2857 | D:3      | Reached ** piety under Trog
  3448 | D:4      | Reached XP level 6. HP: 35/38 MP: 6/6
  3546 | D:4      | Found a staircase to the Ecumenical Temple.
  3844 | D:4      | Reached skill level 1 in Shields
  3970 | D:5      | Entered Level 5 of the Dungeon
  4497 | D:5      | Noticed a black bear
  4501 | D:5      | Killed a black bear
  4502 | D:5      | Reached skill level 5 in Maces & Flails
  4546 | D:5      | Found a shadowy altar of Dithmenos.
  4558 | D:5      | Reached XP level 7. HP: 41/43 MP: 7/7
  5219 | D:6      | Noticed Grinder
  5265 | D:6      | Paralysed by Grinder for 3 turns
  5622 | D:6      | Paralysed by Grinder for 4 turns
  5631 | D:6      | Killed Grinder
  5632 | D:6      | Reached XP level 8. HP: 20/48 MP: 8/8
  5928 | D:6      | Reached skill level 5 in Armour
  6221 | D:6      | Reached skill level 6 in Maces & Flails
  6811 | D:7      | Found Yloipaol's Antique Armour Shop.
  6816 | D:7      | Bought a pair of heavily runed gloves for 275 gold pieces
  6816 | D:7      | Identified the +0 pair of gloves of the Hidden Vale {Harm
                  | +Inv} (You bought it in a shop on level 7 of the Dungeon)
  6836 | D:7      | Noticed xzight's ghost (novice TrBe)
  6845 | D:7      | Found a transporter.
  6861 | D:7      | Found a transporter.
  7493 | D:7      | Reached skill level 1 in Ranged Weapons
  7803 | D:7      | Reached skill level 1 in Throwing
  8360 | D:8      | Noticed a yak
  8360 | D:8      | Noticed a yak
  8361 | D:8      | Noticed a yak
  8408 | D:7      | Reached skill level 5 in Fighting
  8408 | D:7      | Reached XP level 9. HP: 27/54 MP: 9/9
  8597 | D:8      | Reached skill level 7 in Maces & Flails
  8605 | D:8      | Found an ancient bone altar of Kikubaaqudgha.
  8606 | D:8      | Found a blossoming altar of Fedhas.
  8814 | D:8      | Found a radiant altar of Vehumet.
  8881 | D:8      | Noticed Psyche
  8901 | D:8      | Killed Psyche
  8951 | D:8      | Reached *** piety under Trog
  9026 | D:8      | Noticed Pikel
  9051 | D:8      | Killed Pikel
  9052 | D:8      | Reached skill level 5 in Shields
  9408 | D:8      | Reached skill level 1 in Unarmed Combat
  9408 | D:8      | Reached skill level 1 in Evocations
  9476 | D:8      | Reached skill level 8 in Maces & Flails
  9476 | D:8      | Reached XP level 10. HP: 42/60 MP: 10/10
  9616 | D:8      | Noticed a two-headed ogre
  9637 | D:8      | Killed a two-headed ogre
 10034 | D:8      | Noticed an angel
 10055 | D:8      | Found a shimmering altar of Xom.
 10088 | D:8      | Found a glowing silver altar of Zin.
 10685 | D:7      | Killed xzight's ghost
 10686 | D:7      | Reached skill level 9 in Maces & Flails
 10686 | D:7      | Reached skill level 5 in Dodging
 11466 | D:9      | Noticed a gargoyle
 11479 | D:9      | Killed a gargoyle
 11480 | D:9      | Reached XP level 11. HP: 66/66 MP: 11/11
 11991 | D:9      | Reached skill level 10 in Maces & Flails
 12065 | D:9      | Reached **** piety under Trog
 12093 | D:9      | Noticed Maggie
 12113 | D:9      | Killed Maggie
 12199 | D:10     | Entered Level 10 of the Dungeon
 12411 | D:10     | Noticed a cyclops
 12433 | D:10     | Killed a cyclops
 12609 | D:10     | Found a runed translucent gate.
 12609 | D:10     | Found a runed translucent gate.
 12609 | D:10     | Found a runed translucent gate.
 12627 | D:10     | Noticed sigtrap's ghost (journeyman GnBe)
 12794 | D:10     | Found a sacrificial altar of Ru.
 12988 | D:10     | Found a broken altar of Ashenzari.
 13517 | D:11     | Found a staircase to the Lair.
 14025 | D:11     | Found a staircase to the Orcish Mines.
 14472 | D:11     | Noticed a manticore
 14483 | D:11     | Killed a manticore
 14503 | Lair:1   | Entered Level 1 of the Lair of Beasts
 14549 | Lair:1   | Noticed Nergalle
 14561 | Lair:1   | Noticed Erica
 14576 | Lair:1   | Killed Nergalle
 14577 | Lair:1   | Reached skill level 11 in Maces & Flails
 14577 | Lair:1   | Reached XP level 12. HP: 65/72 MP: 12/12
 14643 | Lair:1   | Killed Erica
 14765 | Lair:1   | Noticed Urug
 14776 | Lair:1   | Killed Urug
 14891 | Lair:1   | Noticed Sonja
 14937 | Lair:1   | Killed Sonja
 15184 | Lair:1   | Noticed a six-headed hydra
 15203 | Lair:1   | Killed a one-headed hydra
 15204 | Lair:1   | Reached skill level 10 in Armour
 15324 | Lair:1   | Reached skill level 10 in Shields
 15469 | Lair:1   | Noticed a four-headed hydra
 15481 | Lair:1   | Killed a four-headed hydra
 15711 | Lair:2   | Reached skill level 1 in Long Blades
 15873 | Lair:2   | Found a gate leading to a gauntlet.
 15875 | Lair:2   | Found a transporter.
 15907 | Gauntlet | Entered a Gauntlet
 15907 | Gauntlet | Found a transporter.
 15917 | Gauntlet | Noticed a death scarab
 15920 | Gauntlet | Found a transporter.
 15934 | Gauntlet | Found a transporter.
 15937 | Gauntlet | Noticed a quicksilver ooze
 15941 | Gauntlet | Found a transporter.
 15962 | Gauntlet | Found a transporter.
 15972 | Gauntlet | Noticed an entropy weaver
 15976 | Gauntlet | Found a transporter.
 15985 | Gauntlet | Found a transporter.
 15994 | Gauntlet | Found a transporter.
 16010 | Gauntlet | Found a transporter.
 16011 | Gauntlet | Noticed a death scarab
 16013 | Gauntlet | Noticed a death scarab
 16032 | Gauntlet | Found a transporter.
 16052 | Gauntlet | Found a transporter.
 16052 | Gauntlet | Noticed a death scarab
 16058 | Gauntlet | Found a transporter.
 16058 | Gauntlet | Found a transporter.
 16064 | Gauntlet | Noticed a death scarab
 16102 | Gauntlet | Found a transporter.
 16134 | Gauntlet | Found a transporter.
 16136 | Gauntlet | Found a transporter.
 16138 | Gauntlet | Found a transporter.
 16278 | Gauntlet | Found a transporter.
 16639 | Gauntlet | Reached ***** piety under Trog
 16734 | Gauntlet | Identified the +9 scale mail of Panentheism {-Cast Str+6
                  | SInv Stlth+}
 16828 | Gauntlet | Identified the ring of Zeompif {rElec rF+ rC+ Int-4}
 16887 | Gauntlet | Noticed a minotaur
 16905 | Gauntlet | Killed a minotaur
 17067 | Lair:2   | Found a transporter.
 17067 | Lair:2   | Noticed a seven-headed hydra
 17107 | Lair:2   | Noticed hawla's ghost (novice MeIE)
 17305 | Lair:2   | Found a staircase to the Snake Pit.
 17394 | Lair:2   | Reached skill level 12 in Maces & Flails
 17394 | Lair:2   | Reached XP level 13. HP: 78/78 MP: 13/13
 17927 | Lair:1   | Mangled by a death yak

Illustrated notes

Levels and vault maps discovered:
D:1:      ncdulo_smallfort, layout_basic, ebering_ecumenical_altar_mist,
          serial_aquarium, aquarium_bridge_square [aquarium_subvault_wall,
          aquarium_subvault_bridge, aquarium_subvault_wall,
          aquarium_subvault_bridge], aquarium_bridge_square
          [aquarium_subvault_wall, aquarium_subvault_window,
          aquarium_subvault_bridge, aquarium_subvault_window],
          aquarium_window_fake, aquarium_window_fake, aquarium_window_2,
          aquarium_view_2a, grunt_decor_one_mirror
D:2:      layout_basic, serial_rivers, chequers_serial_rivers_small_3,
          chequers_serial_rivers_small_3, chequers_serial_rivers_micro_d,
          chequers_serial_rivers_small_3, grunt_ministairs_10
D:3:      layout_loops_ring, dreamdust_princess_bridge, minmay_strange_pillars
D:4:      layout_loops_corners, temple_green, minmay_misc_feat_iff
D:5:      layout_rooms, nicolae_overflow_crystal_walls
D:6:      layout_loops_cross, uniq_grinder
D:7:      layout_loops_corners, serial_shops, shop, gammafunk_ghost_stat_death
D:8:      nicolae_BIG_FREAKIN_CUBE, layout_loops_corners,
          grunt_temple_overflow_growth_and_decay,
          grunt_temple_overflow_order_and_chaos_1, vehumet_crystals,
          item_on_display_a, uniq_psyche, uniq_pikel
D:9:      layout_roguey [special_room_orc], uniq_maggie
D:10:     layout_irregular_city, nicolae_ashenzari_skybound,
          nicolae_ru_awakened_eye, biasface_ghost_orc_armoury
D:11:     layout_small_grid, lair_entry_dummy, erik_orc_1
Lair:1:   layout_loops_ring, grunt_forest_large_clearing_hut,
          infiniplex_staircase_pool, uniq_nergalle, uniq_urug, uniq_erica,
          uniq_sonja
Lair:2:   layout_misc_corridors, minmay_snake_entry_guardpost_large,
          gauntlet_entry_generic, nzn_ghost_randoct,
          nicolae_lair_grove_arrangements, chequers_serial_rivers_small_b

Skill      XL: |  1  2  3  4  5  6  7  8  9 10 11 12 13 |
---------------+----------------------------------------+-----
Stealth        | 1 2 3 4 |  4.8
Armour         | 3 4 6 7 8 9 10 | 10.6
Dodging        | 2 3 4 5 6 7 |  7.0
Maces & Flails | 4 5 6 8 9 11 12 | 12.1
Fighting       | 4 5 6 7 8 |  8.4
Shields        | 1 2 4 5 7 9 10 11 | 11.1
Ranged Weapons | 1 |  1.1
Throwing       | 1 |  1.8
Unarmed Combat | 1 |  1.0
Evocations     | 1 |  1.0
Long Blades    | 1 |  1.1

Action                   |  1- 3 |  4- 6 |  7- 9 | 10-12 | 13-15 || total
-------------------------+-------+-------+-------+-------+-------++-------
Melee: Mace              |   123 |   157 |   213 |       |       ||   493
       Flail             |       |       |   112 |   773 |    54 ||   939
       Unarmed           |       |       |    10 |       |       ||    10
       Scimitar          |       |       |       |     7 |       ||     7
 Fire: Sling             |       |       |     9 |       |       ||     9
Throw: Stone             |     8 |    16 |    14 |    12 |     9 ||    59
       Dart              |       |       |       |    10 |       ||    10
Invok: Berserk           |     1 |     1 |     6 |    12 |     2 ||    22
Evoke: Wand              |       |       |    11 |     2 |     1 ||    14
  Use: Scroll            |       |     4 |     4 |     2 |     2 ||    12
 Stab: Sleeping          |     1 |     3 |     2 |     4 |       ||    10
       Invisible         |       |       |     1 |       |       ||     1
       Distracted        |       |       |       |     1 |       ||     1
Armor: Animal skin       |    89 |    69 |    40 |       |       ||   198
       Leather armour    |       |       |    49 |       |       ||    49
       Ring mail         |       |       |    50 |    99 |       ||   149
       Skin              |       |       |     4 |     1 |       ||     5
       Steam dragon scal |       |       |       |    45 |       ||    45
       Troll leather arm |       |       |       |    89 |       ||    89
       Scale mail        |       |       |       |    20 |    19 ||    39
Dodge: Dodged            |   121 |    88 |   162 |   340 |    28 ||   739
Block: Buckler           |     5 |    20 |    60 |   366 |       ||   451
       Reflection        |       |       |       |     9 |     3 ||    12
       Kite shield       |       |       |       |    32 |    39 ||    71
